 Dungeon Crawl Stone Soup version 0.21.1-1-g345015f (webtiles) character file.

460 tidbits the Charmwright (level 7, 0/56 HPs)
             Began as a Gnoll Skald on June 25, 2018.
             Killed from afar by an orc wizard (10 damage)
             ... with a puff of flame
             ... on level 5 of the Dungeon.
             The game lasted 00:06:54 (599 turns).

tidbits the Charmwright (Gnoll Skald)                Turns: 599, Time: 00:06:55

Health: 0/56       AC:  5    Str: 13    XL:     7   Next: 7%
Magic:  2/15       EV: 15    Int: 22    God:
Gold:   22         SH:  0    Dex: 15    Spells: 6/17 levels left

rFire    . . .     SeeInvis .   j - +0 long sword
rCold    . . .     Gourm    +   (no shield)
rNeg     . . .     Faith    .   B - +2 robe of Evuciv {rCorr Slay+2}
rPois    .         Spirit   .   E - +0 helmet (curse)
rElec    .         Reflect  .   (no cloak)
rCorr    +         Harm     .   (no gloves)
MR       .....                  (no boots)
Stlth    ++........             k - amulet of the gourmand
HPRegen  0.18/turn              (no ring)
MPRegen  0.14/turn              (no ring)

@: brilliant, flying (expiring)
A: distributed training, fangs 1, strong nose
a: no special abilities


You were on level 5 of the Dungeon.
You were not hungry.

You visited 1 branch of the dungeon, and saw 5 of its levels.

You collected 22 gold pieces.

Inventory:

Hand Weapons
 a - a +0 hand axe
 g - a +0 dagger
 j - a +0 long sword (weapon)
 n - a +0 hunting sling
 o - a +5 mace of venom
   (You took it off Robin on level 4 of the Dungeon)
 r - a +0 morningstar
 u - a +0 shortbow
Missiles
 p - 17 sling bullets
 q - 46 stones (quivered)
 v - 28 arrows
Armour
 b - a +0 leather armour
 h - a +0 ring mail
 B - the +2 robe of Evuciv (worn) {rCorr Slay+2}
   (You found it on level 4 of the Dungeon)

   It affects your accuracy and damage with ranged weapons and melee attacks
   (+2).
   It protects you from acid and corrosion.
 E - a cursed +0 helmet (worn)
Jewellery
 k - an amulet of the gourmand (around neck)
   (You found it on level 3 of the Dungeon)
Scrolls
 f - a scroll of remove curse {unknown}
 i - a scroll of random uselessness {unknown}
 l - a scroll of teleportation {unknown}
 m - a scroll of identify {unknown}
Potions
 t - a potion of flight
Books
 c - a book of Battle

   Spells                             Type                      Level
   a - Infusion                       Charms                       1
   b - Shroud of Golubria             Charms/Translocation         2
   c - Song of Slaying                Charms                       2
   d - Spectral Weapon                Hexes/Charms                 3
   e - Regeneration                   Charms/Necromancy            3
Comestibles
 d - 5 rations


   Skills:
 + Level 5.1 Fighting
 + Level 2.2 Short Blades
 + Level 2.2 Long Blades
 + Level 5.1 Axes
 + Level 2.2 Maces & Flails
 + Level 2.2 Polearms
 + Level 2.2 Staves
 + Level 2.2 Slings
 + Level 2.2 Bows
 + Level 2.2 Crossbows
 + Level 2.2 Throwing
 + Level 3.4 Armour
 + Level 5.1 Dodging
 + Level 2.2 Stealth
 + Level 2.2 Shields
 + Level 2.2 Unarmed Combat
 + Level 5.5 Spellcasting
 + Level 1.8 Conjurations
 + Level 1.8 Hexes
 + Level 5.7 Charms
 + Level 1.8 Summonings
 + Level 1.8 Necromancy
 + Level 1.8 Translocations
 + Level 1.8 Transmutations
 + Level 1.8 Fire Magic
 + Level 1.8 Ice Magic
 + Level 1.8 Air Magic
 + Level 1.8 Earth Magic
 + Level 1.8 Poison Magic
 + Level 2.4 Invocations
 + Level 2.2 Evocations


You had 6 spell levels left.
You knew the following spells:

 Your Spells              Type           Power        Failure   Level  Hunger
g - Shroud of Golubria    Chrm/Tloc      #####.....   1%          2    None
i - Infusion              Chrm           ####         1%          1    None
r - Regeneration          Chrm/Necr      #####.....   1%          3    ##.....
w - Spectral Weapon       Hex/Chrm       #####...     1%          3    ##.....
y - Song of Slaying       Chrm           #####...     1%          2    None


Dungeon Overview and Level Annotations

Branches:
Dungeon (5/15)
 Temple: D:4-7

Altars:

Shops:
D:4 (   D:5 [


Innate Abilities, Weirdness & Mutations

Your experience applies equally to all skills.
You have very sharp teeth.
Your uncanny sense of smell can sniff out nearby items.


Message History

Unknown command.
An orc comes into view. It is wielding a whip.
The orc shouts!
The orc wizard mumbles some strange words.
The orc wizard flickers and vanishes!
Unknown command.
You're too confused!
Unknown command.
You hit the orc wizard. You bite the orc wizard.
The orc wizard is moderately wounded.
You feel less confused.
The orc priest calls down the wrath of Beogh upon you.
The orc wizard hits you but does no damage.
Something barely misses you. The orc wizard casts a spell at you.
The puff of frost misses you.
An orc comes into view.
You closely miss the orc wizard.
The orc wizard is moderately wounded.
Something hits you.
* * * LOW HITPOINT WARNING * * *
The orc priest begins to cast a cantrip, but forgets the words!
The orc wizard hits you but does no damage.
You hear some strange, mumbled words.
A magic dart appears from out of thin air!
The magic dart hits you!
* * * LOW HITPOINT WARNING * * *
Unknown command.
Casting: Spectral Weapon
Confirm with . or Enter, or press ? or * to list all spells.
You draw out your weapon's spirit!
The orc wizard completely misses you. Something hits you but does no damage.
Unknown command.
You hit the orc wizard.
The orc wizard is heavily wounded.
Your spectral weapon hits the orc wizard!
You kill the orc wizard!
The orc priest closely misses you. Something hits you.
* * * LOW HITPOINT WARNING * * *
Unknown command.
You closely miss something. The orc priest barely misses you.
Something barely misses you.
The orc priest hits you but does no damage.
The orc hits your spectral weapon but does no damage.
Unknown command.
You barely miss the orc.
Your spectral weapon hits the orc!!
You kill the orc!
Something hits you but does no damage.
The orc wizard casts a spell.
The orc wizard seems to speed up.
The orc priest barely misses you. Something hits you but does no damage.
You hear a shout!
Unknown command.
You closely miss the orc wizard.
Your spectral weapon hits the orc wizard!
You kill the orc wizard!
The orc priest hits you but does no damage.
Something hits you.
* * * LOW HITPOINT WARNING * * *
The orc priest hits you with a dagger.
* * * LOW HITPOINT WARNING * * *
An orc comes into view. It is wielding a falchion.
You hear some strange, mumbled words.
A puff of flame appears from out of thin air!
The puff of flame hits you!
* * * LOW HITPOINT WARNING * * *
Unknown command.
You sock the orc priest!
The orc priest is almost dead.
Your spectral weapon hits the orc priest!
You kill the orc priest!
You have reached level 7!
You hear some strange, mumbled words.
You are confused.
Something hits your spectral weapon but does no damage.
The orc closely misses your spectral weapon.
You are starting to lose your buoyancy.
Found Kegij's Antique Armour Boutique.
Unknown command.
You bump into the rock wall.
The orc completely misses your spectral weapon.
Something hits your spectral weapon.
Unknown command.
You bump into the rock wall.
The orc barely misses your spectral weapon.
Something closely misses your spectral weapon.
Wield which item (- for none, * to show all)? (? for menu, Esc to quit)
Your spectral weapon disappears as you unwield.
You are now empty-handed.
Wield which item (- for none, * to show all)? (? for menu, Esc to quit)
j - a +0 long sword (weapon)
Unknown command.
You feel less confused.
Unknown command.
There is an entrance to Kegij's Antique Armour Boutique here.
You can access your shopping list by pressing '$'.
A puff of flame appears from out of thin air!
The puff of flame hits you!
You die...

##.####........##
....$.........#
#####.####.###.####
........o)))......#
####.o...)##..####
## ##.######..?.#
....##.###.....#.#
#.8..∩..8..... #
#.....@#.....
#####.........
....#......
###..#.#...# #..# #
..# #..# .# .... .
.##.


There were no monsters in sight!

Vanquished Creatures
  An ice beast (D:5)
  A centaur (D:5)
  A howler monkey (D:4)
  A centaur zombie (D:5)
  2 orc wizards (D:5)
  2 orc priests (D:5)
  A worker ant (D:5)
  Robin (D:4)
  3 adders
  2 leopard geckos
  6 orcs
  A bat (D:1)
  11 goblins
  8 hobgoblins
  5 kobolds
  A frilled lizard (D:4)
  2 leopard gecko skeletons
  A rat (D:1)
50 creatures vanquished.

Notes
Turn   | Place    | Note
-------+----------+-------------------------------------------
     0 | D:1      | tidbits the Gnoll Skald began the quest for the Orb.
     0 | D:1      | Reached XP level 1. HP: 20/20 MP: 6/6
   174 | D:2      | Reached XP level 2. HP: 21/26 MP: 4/7
   180 | D:2      | Learned a level 2 spell: Song of Slaying
   183 | D:2      | Learned a level 2 spell: Shroud of Golubria
   234 | D:1      | Reached XP level 3. HP: 10/31 MP: 2/9
   239 | D:1      | Learned a level 3 spell: Regeneration
   243 | D:1      | Learned a level 3 spell: Spectral Weapon
   311 | D:3      | Reached skill level 5 in Spellcasting
   326 | D:4      | Noticed Robin
   347 | D:4      | Reached skill level 1 in Invocations
   353 | D:4      | Killed Robin
   353 | D:4      | Reached skill level 1 in Short Blades
   353 | D:4      | Reached skill level 1 in Long Blades
   353 | D:4      | Reached skill level 1 in Maces & Flails
   353 | D:4      | Reached skill level 1 in Polearms
   353 | D:4      | Reached skill level 1 in Staves
   353 | D:4      | Reached skill level 1 in Slings
   353 | D:4      | Reached skill level 1 in Bows
   353 | D:4      | Reached skill level 1 in Crossbows
   353 | D:4      | Reached skill level 1 in Throwing
   353 | D:4      | Reached skill level 1 in Stealth
   353 | D:4      | Reached skill level 1 in Shields
   353 | D:4      | Reached skill level 1 in Unarmed Combat
   353 | D:4      | Reached skill level 1 in Evocations
   397 | D:4      | Reached XP level 4. HP: 13/38 MP: 1/11
   437 | D:4      | Reached skill level 1 in Conjurations
   437 | D:4      | Reached skill level 1 in Hexes
   437 | D:4      | Reached skill level 1 in Summonings
   437 | D:4      | Reached skill level 1 in Necromancy
   437 | D:4      | Reached skill level 1 in Translocations
   437 | D:4      | Reached skill level 1 in Transmutations
   437 | D:4      | Reached skill level 1 in Fire Magic
   437 | D:4      | Reached skill level 1 in Ice Magic
   437 | D:4      | Reached skill level 1 in Air Magic
   437 | D:4      | Reached skill level 1 in Earth Magic
   437 | D:4      | Reached skill level 1 in Poison Magic
   480 | D:4      | Found Jauzazax's Weapon Boutique.
   506 | D:4      | Got a silken robe
   517 | D:4      | Identified the +2 robe of Evuciv {rCorr Slay+2} (You found it on level 4 of the Dungeon)
   522 | D:5      | Entered Level 5 of the Dungeon
   522 | D:5      | Noticed a centaur
   526 | D:5      | Killed a centaur
   526 | D:5      | Reached skill level 3 in Armour
   526 | D:5      | Reached XP level 5. HP: 31/43 MP: 3/12
   532 | D:5      | Noticed an ice beast
   539 | D:5      | Killed an ice beast
   539 | D:5      | Reached skill level 2 in Invocations
   539 | D:5      | Reached XP level 6. HP: 48/50 MP: 0/14
   569 | D:5      | Reached skill level 5 in Fighting
   569 | D:5      | Reached skill level 5 in Axes
   569 | D:5      | Reached skill level 5 in Dodging
   573 | D:5      | Reached skill level 2 in Short Blades
   573 | D:5      | Reached skill level 2 in Long Blades
   573 | D:5      | Reached skill level 2 in Maces & Flails
   573 | D:5      | Reached skill level 2 in Polearms
   573 | D:5      | Reached skill level 2 in Staves
   573 | D:5      | Reached skill level 2 in Slings
   573 | D:5      | Reached skill level 2 in Bows
   573 | D:5      | Reached skill level 2 in Crossbows
   573 | D:5      | Reached skill level 2 in Throwing
   573 | D:5      | Reached skill level 2 in Stealth
   573 | D:5      | Reached skill level 2 in Shields
   573 | D:5      | Reached skill level 2 in Unarmed Combat
   573 | D:5      | Reached skill level 2 in Evocations
   590 | D:5      | Reached XP level 7. HP: 9/56 MP: 1/15
   592 | D:5      | Found Kegij's Antique Armour Boutique.
   599 | D:5      | Killed from afar by an orc wizard

Skill      XL: |  1  2  3  4  5  6 |
---------------+-------------------+-----
Spellcasting   | 5 |  5.5
Invocations    | 1 2 |  2.4
Short Blades   | 1 2 |  2.2
Long Blades    | 1 2 |  2.2
Maces & Flails | 1 2 |  2.2
Polearms       | 1 2 |  2.2
Staves         | 1 2 |  2.2
Slings         | 1 2 |  2.2
Bows           | 1 2 |  2.2
Crossbows      | 1 2 |  2.2
Throwing       | 1 2 |  2.2
Stealth        | 1 2 |  2.2
Shields        | 1 2 |  2.2
Unarmed Combat | 1 2 |  2.2
Evocations     | 1 2 |  2.2
Conjurations   | 1 |  1.8
Hexes          | 1 |  1.8
Summonings     | 1 |  1.8
Necromancy     | 1 |  1.8
Translocations | 1 |  1.8
Transmutations | 1 |  1.8
Fire Magic     | 1 |  1.8
Ice Magic      | 1 |  1.8
Air Magic      | 1 |  1.8
Earth Magic    | 1 |  1.8
Poison Magic   | 1 |  1.8
Armour         | 3 |  3.4
Fighting       | 5 |  5.1
Axes           | 5 |  5.1
Dodging        | 5 |  5.1
Charms         | |  5.7

Action                   |  1- 3 |  4- 6 |  7- 9 || total
-------------------------+-------+-------+-------++-------
Melee: Hand axe          |    66 |     8 |       ||    74
       Bite              |     6 |     4 |       ||    10
       Morningstar       |       |    39 |       ||    39
 Cast: Infusion          |     3 |       |       ||     3
       Song of Slaying   |     4 |     2 |       ||     6
       Spectral Weapon   |     3 |     5 |       ||     8
       Regeneration      |     2 |     2 |       ||     4
       Shroud of Golubri |       |     1 |       ||     1
  Use: Potion            |     1 |     3 |       ||     4
Armor: Leather armour    |    14 |     1 |       ||    15
       Robe              |       |    13 |       ||    13
Dodge: Dodged            |    39 |    40 |       ||    79

Table legend:
 A = Turns spent in this place as a percentage of turns spent in the entire game.
 B = Non-inter-level travel turns spent in this place as a percentage of non-inter-level travel turns spent in the entire game.
 C = Inter-level travel turns spent in this place as a percentage of turns spent in this place.
 D = Turns resting spent in this place as a percentage of non-inter-level travel turns spent in this place.
 E = Turns spent auto-exploring this place as a percentage of non-inter-level travel turns spent in this place.
 F = Non-inter-level travel turns spent in this place divided by the number of levels of this place that you've seen.
                   A       B       C       D       E      F
               +-------+-------+-------+-------+-------+----------------------
         Total | 100.0 | 100.0 |   0.0 |   0.0 |   0.0 | 119.8
       Dungeon | 100.0 | 100.0 |   0.0 |   0.0 |   0.0 | 119.8
               +-------+-------+-------+-------+-------+----------------------

Table legend:
 A = Kills in this place as a percentage of kills in entire the game.
 B = Kills by you in this place as a percentage of kills by you in the entire game.
 C = Kills by friends in this place as a percentage of kills by friends in the entire game.
 D = Other kills in this place as a percentage of other kills in the entire game.
 E = Experience gained in this place as a percentage of experience gained in the entire game.
 F = Experience gained in this place divided by the number of levels of this place that you have seen.
                   A       B       C       D       E      F
               +-------+-------+-------+-------+-------+----------------------
         Total | 100.0 | 100.0 |   N/A |   N/A | 100.0 | 131.6
       Dungeon | 100.0 | 100.0 |   N/A |   N/A | 100.0 | 131.6
               +-------+-------+-------+-------+-------+----------------------

Vault maps used:
D:1:      tarquinn_simple_flora_water_c, minivault_23, minmay_ruptured
D:2:      serial_forest, infiniplex_forest_lined_2,
          infiniplex_forest_clump_curved, infiniplex_forest_lined_room_2,
          infiniplex_forest_clump_long, infiniplex_forest_clump_small,
          infiniplex_forest_lined_2, infiniplex_forest_3_way,
          infiniplex_forest_straight_4, infiniplex_forest_zigzag_2,
          minmay_split_cup_small
D:4:      grunt_gozag_breadcrumbs, serial_shops, shop,
          nicolae_ossuary_entry_monument, nicolae_ru_great_annihilating_truth,
          uniq_robin
D:5:      minmay_temple_entry_glass, serial_shops, shop_statue, first_ration,
          hangedman_decor_growths, st_stairs_7, minivault_4, uniq_eustachio,
          uniq_pikel
